 Dungeon Crawl Stone Soup version 0.24-a0-194-g9bee6eb (webtiles) character file.

Game seed: 4900790946079222298

9 gruber the Vexing (level 2, 14/24 HPs)
             Began as a Centaur Arcane Marksman on Mar 18, 2019.
             Quit the game on level 1 of the Dungeon.
             The game lasted 00:00:43 (196 turns).

gruber the Vexing (Centaur Arcane Marksman)          Turns: 196, Time: 00:00:44

Health: 14/24      AC:  4    Str: 12    XL:     2   Next: 3%
Magic:  3/3        EV:  9    Int: 12    God:
Gold:   14         SH:  0    Dex:  9    Spells: 2/3 levels left

rFire    . . .     SeeInvis .   a - +0 shortbow
rCold    . . .     Gourm    .   (shield currently unavailable)
rNeg     . . .     Faith    .   e - +0 robe
rPois    .         Spirit   .   (no helmet)
rElec    .         Reflect  .   (no cloak)
rCorr    .         Harm     .   (no gloves)
MR       .....                  (no barding)
Stlth    +.........             (no amulet)
HPRegen  0.08/turn              (no ring)
MPRegen  0.08/turn              (no ring)

@: very quick
A: large, hooves 3, deformed body, speed 2, tough skin 3
a: no special abilities


You were on level 1 of the Dungeon.
You were not hungry.

You visited 1 branch of the dungeon, and saw 1 of its levels.

You collected 14 gold pieces.

Inventory:

Hand Weapons
 a - a +0 shortbow (weapon)
 b - a +0 club
Missiles
 d - 17 arrows (quivered)
Armour
 e - a +0 robe (worn)
Scrolls
 c - a scroll of teleportation {unknown}
Comestibles
 f - a ration


   Skills:
 + Level 2.1 Fighting
 - Level 2.6 Bows
 - Level 1.3 Dodging
 - Level 1.0 Spellcasting
 - Level 2.6 Hexes


You had 2 spell levels left.
You knew the following spells:

 Your Spells              Type           Power        Failure   Level  Hunger
a - Corona                Hex            #......      10%         1    ##.....

Your spell library contained the following spells:

 Spells                   Type           Power        Failure   Level  Hunger
 Slow                     Hex            #.......     16%         2    ###....
 Inner Flame              Hex/Fire       #.......     45%         3    ####...
 Portal Projectile        Hex/Tloc       #.....       45%         3    ####...
 Cause Fear               Hex            #.........   69%         4    #####..
 Leda's Liquefaction      Hex/Erth       #.........   86%         4    #####..


Dungeon Overview and Level Annotations

Branches:
Dungeon (1/15)

Altars:


Innate Abilities, Weirdness & Mutations

You have hooves in place of feet.
Armour fits poorly on your strangely shaped body.
You cover ground very quickly.
You have extremely tough skin. (AC +3)


Message History

d - 12 arrows (gained 1)
You see here a goblin corpse.
d - 13 arrows (gained 1)
Things that are here:
a +0 short sword; a kobold corpse Your magical contamination has completely faded away.
d - 14 arrows (gained 1)
d - 15 arrows (gained 1)
d - 16 arrows (gained 1)
Things that are here:
a +0 short sword; a kobold corpse
Found 15 stones.
d - 17 arrows (gained 1)
A rat comes into view.
A rat is nearby!
A rat is nearby!
A rat is nearby!
Things that are here:
a +0 short sword; a kobold corpse Are you sure you want to abandon this character and quit the game? (Confirm with "yes".)

.♣ #. ##.#.#.#.#... ##
#. #.#.#.#.#...
#.###.#(#....... #####
#.#.......#.....
#...####.#.#...#.##....
#..............#.##....
#...#####..############
#####...###.†.....(♣
.......##.@.#.###.....
###.....#.#... .♣.♣
#.....###.#..... #
........## #.#.#####
.......#####.#.#
≈.≈≈.........#.#####
P.≈≈♣.......>......#.#
≈.≈≈≈≈########.#.....#
≈.≈≈≈≈ ...#.#.#.....


There were no monsters in sight!

Vanquished Creatures
  A bat (D:1)
  A goblin (D:1)
  3 hobgoblins (D:1)
  A kobold (D:1)
  A frilled lizard (D:1)
7 creatures vanquished.

Notes
Turn   | Place    | Note
-------+----------+-------------------------------------------
     0 | D:1      | gruber the Centaur Arcane Marksman began the quest for the
                  | Orb.
     0 | D:1      | Reached XP level 1. HP: 16/16 MP: 2/2
   154 | D:1      | Reached XP level 2. HP: 12/24 MP: 1/3
   196 | D:1      | Quit the game

Levels and vault maps discovered:
D:1:      sevenhm_arrival_forest_fort_small_5, layout_basic, chequers_avenue,
          serial_bayou_lagoon_b

Skill      XL: |  1 |
---------------+----+-----
Fighting       | 2 |  2.1
Bows           | |  2.6
Dodging        | |  1.3
Spellcasting   | |  1.0
Hexes          | |  2.6

Action                   || total
-------------------------++-------
Melee: Club              ||    10
       Kick              ||     2
 Fire: Shortbow          ||    14
 Cast: Corona            ||     1
Armor: Robe              ||     6
Dodge: Dodged            ||     7

Table legend:
 A = Non-vault XP
 B = Vault XP
 C = Vault XP percentage of total XP
 D = Non-vault monster count
 E = Vault monster count
 F = Vault count percentage of total count
                 A         B        C        D         E       F
            +---------+---------+-------+---------+---------+-------
      Total |      13 |       0 |   0.0 |       7 |       0 |   0.0
            +---------+---------+-------+---------+---------+-------
        D:1 |      13 |       0 |   0.0 |       7 |       0 |   0.0
            +---------+---------+-------+---------+---------+-------
